cohdb
Replays
Latest Replays
All Replays
Popular Replays
Top Player Replays
Match Explorer
How It Works
Community
CoH3 Stats
Reddit
Sign in to upload your games and track your stats! →
Sign in with Steam
Match 42749006
Unlisted
Match 42749006
Overview
Messages
Build Orders
End
Kradschützen Motorcycle Team
Selects Battlefield Espionage Battlegroup
Selects Battlefield Espionage Battlegroup
Selects Sector Subterfuge Beacon
Panzergrenadier Squad
Panzergrenadier Squad
Panzergrenadier Squad
Construct Light Support Kompanie
MG34 Team
Selects 250/3 Funkpanzerwagen
Fire Support Elements
Panzerjäger Mechanized Group
Selects Anti-Tank Incendiary Munitions
Flakvierling Half-track
2.5-tonne Medical Truck
le.IG 18 Support Gun Team
Selects Plunder
Construct Mechanized Kompanie
Willaguy
xizi20
0
0
Comments
sign in to comment!
No comments posted yet!